AoeStats
← tavoo

Arabia

507860886Analyzed
1v1 RM · 14d ago on Sep 20, 2026· 13m 7s· 2 players
Game mode
Random Map
Map size
Tiny (2 player)
Population
200
Speed
Normal
Resources
Standard
Victory
Conquest
Starting age
Dark Age
Ending age
Imperial Age
RankedLock teamsTeams togetherTeam positionsShared explorationLock speedFull tech treeHidden civsTurbo modeCheats
Victory
Defeat
🇲🇽 Japanese · Mexico
1360
+15
🇨🇴 Berbers · Colombia
1339
-15
Onifasio Salavarrieta
6:38 Loom
9:23 Feudal Age
9:49 Town Watch
9:50 Double-Bit Axe
tavoo
7:14 Loom
9:31 Feudal Age
9:41 Man-at-Arms
10:13 Double-Bit Axe
Connection lost

Rejoining the realm…

Still unreachable

The connection could not be restored.

Session expired

The server has moved on; the page needs a fresh start.